 Dungeon Crawl Stone Soup version 0.27.1-2-g3b301248ec (webtiles) character file.

Game seed: 16060272640118281607

88 H0rd4k the Charlatan (level 4, -5/32 HPs)
             Began as a Human Artificer on Oct 4, 2021.
             Slain by a gnoll (7 damage)
             ... on level 1 of the Dungeon.
             The game lasted 00:02:21 (3015 turns).

H0rd4k the Charlatan (Human Artificer)              Turns: 3015, Time: 00:02:22

Health: -5/32      AC:  3    Str: 14    XL:     4   Next: 81%
Magic:  4/4        EV: 11    Int: 11    God:
Gold:   41         SH:  0    Dex: 13    Spells: 3/3 levels left

rFire    . . .     SeeInvis .   i - +1 dagger (venom)
rCold    . . .     Faith    .   (no shield)
rNeg     . . .     Spirit   .   b - +0 leather armour
rPois    .         Reflect  .   (no helmet)
rElec    .         Harm     .   (no cloak)
rCorr    .         Rampage  .   (no gloves)
Will     .....                  (no boots)
Stlth    ++........             (no amulet)
HPRegen  0.10/turn              (no ring)
MPRegen  0.09/turn              (no ring)

@: no status effects
A: no striking features
a: no special abilities


You were on level 1 of the Dungeon.
You visited 1 branch of the dungeon, and saw 2 of its levels.

You collected 41 gold pieces.

Inventory:

Hand Weapons
 i - a +1 dagger of venom (weapon)
Armour
 b - a +0 leather armour (worn)
Wands
 c - a wand of flame (15) (quivered)
 d - a wand of charming (15)
Scrolls
 a - a scroll of holy word {unknown}
 h - a scroll of teleportation {unknown}
Potions
 f - a potion of might {unknown}
 g - a potion of haste {unknown}
Miscellaneous
 e - a piece from Xom's chessboard (15/15)


   Skills:
 + Level 1.5 Fighting
 + Level 1.3 Short Blades
 + Level 0.2 Maces & Flails
 + Level 2.9 Armour
 + Level 1.4 Dodging
 + Level 1.9 Stealth
 + Level 3.4 Evocations


You had 3 spell levels left.
You didn't know any spells.
Your spell library contained the following spells:

 Spells                   Type           Power      Damage    Failure   Level
 Alistair's Intoxication  Tmut/Pois      0%         N/A       100%        5
 Borgnjor's Vile Clutch   Necr/Erth      0%         N/A       100%        5
 Eringya's Noxious Bog    Tmut/Pois      0%         N/A       100%        6


Dungeon Overview and Level Annotations

Branches:
Dungeon (2/15)

Altars:

Annotations:
D:1 exclusion: 2 downstairs


Message History

You see here a throwing net.
You struggle against the net.
A gnoll comes into view. It is wielding a +0 halberd.
You struggle against the net.
You struggle against the net.
You struggle against the net.
The gnoll shouts!
You rip the net and break free!
The gnoll closely misses you.
The gnoll throws a throwing net.
The throwing net barely misses you.
You see here a throwing net.
You hit the gnoll.
The gnoll is poisoned.
The gnoll is moderately wounded.
The gnoll hits you with a +0 whip!
You hit the gnoll.
The gnoll is severely wounded.
The gnoll barely misses you.
You barely miss the gnoll.
The gnoll is almost dead.
The gnoll hits you with a +0 whip.
You hit the gnoll.
You kill the gnoll!
There is a stone staircase leading up here.
The gnoll hits you with a +0 whip!
You climb upwards.
Level annotation: exclusion: 2 downstairs
There is a stone staircase leading down here.
You hit the gnoll.
The gnoll is moderately wounded.
You barely miss the gnoll.
The gnoll is moderately wounded.
The gnoll hits you with a +0 whip.
You hit the gnoll.
The gnoll is poisoned.
The gnoll is heavily wounded.
The gnoll hits you with a +0 whip!
* * * LOW HITPOINT WARNING * * *
You barely miss the gnoll.
The gnoll is heavily wounded.
The gnoll hits you with a +0 whip!
You die...

#[.######.# ##.##
#.........# ##.##
##.######## ##...## ###
##'## ###.....# ..#
##...## #.......# #.#
##.....## #.#....^#
#.###...)...## #..#...##
#.##.........####...####
######..........@....#
PP._8#........###g...#
Pā‰ˆ####......#.# #..#.#
Pā‰ˆ# #.....##.# #.##.#
ā‰ˆ## ##...###.# #.##.#
.# ##'## #.###.##.# ##
#.# #........# # #.#
#####.#### ## ##.## #.#


You could see a gnoll (very poisoned).

Vanquished Creatures
  Terence (D:2)
  A gnoll (D:2)
  2 adders (D:2)
  A dart slug (D:1)
  3 bats
  3 endoplasms (D:1)
  2 giant cockroaches (D:1)
  6 goblins
  2 hobgoblins
  2 jackals (D:2)
  2 quokkas (D:1)
  4 ball pythons
  A frilled lizard (D:1)
  4 kobolds
  2 rats (D:1)
36 creatures vanquished.

Notes
Turn   | Place    | Note
-------+----------+-------------------------------------------
     0 | D:1      | H0rd4k the Human Artificer began the quest for the Orb.
     0 | D:1      | Reached XP level 1. HP: 15/15 MP: 1/1
   300 | D:1      | Reached XP level 2. HP: 11/21 MP: 2/2
  1078 | D:1      | Found a faded altar of an unknown god.
  1127 | D:1      | Reached XP level 3. HP: 22/26 MP: 3/3
  1752 | D:2      | Noticed Terence
  1760 | D:2      | HP: 1/26 [Terence (8)]
  2611 | D:2      | Reached skill level 1 in Short Blades
  2611 | D:2      | Reached XP level 4. HP: 14/32 MP: 4/4
  2780 | D:2      | Killed Terence
  3015 | D:1      | Slain by a gnoll

Illustrated notes

Levels and vault maps discovered:
D:1:      minmay_arrival_solitary_statue, layout_loops_corners,
          shapermc_ecumenical_altar_hornbeckon, st_stairs_10
D:2:      layout_basic, uniq_terence

Skill      XL: |  1  2  3 |
---------------+----------+-----
Short Blades   | 1 |  1.3
Fighting       | |  1.5
Maces & Flails | |  0.2
Armour         | |  2.9
Dodging        | |  1.4
Stealth        | |  1.9
Evocations     | |  3.4

Action                   |  1- 3 |  4- 6 || total
-------------------------+-------+-------++-------
Melee: Club              |    24 |       ||    24
       Dagger            |   119 |    18 ||   137
 Stab: Sleeping          |     7 |     1 ||     8
Armor: Leather armour    |    43 |       ||    43
Dodge: Dodged            |    79 |     9 ||    88
